 Dungeon Sprint DCSS version 0.29-a0-838-g385bb11a5b (webtiles) character file.

Game seed: 1393990217215069471

24 purpskrrrp the Sneak (level 2, -6/13 HPs)
             Began as a Spriggan Enchanter on July 13, 2022.
             Mangled by an ogre
             ... wielding a +0 giant club
              (12 damage)
             ... in the Dungeon (Sprint I: "Red Sonja").
             The game lasted 00:01:48 (26 turns).

purpskrrrp the Sneak (Spriggan Enchanter)             Turns: 26, Time: 00:01:48

Health: -6/13      AC:  2    Str:  4    XL:     2   Next: 79%
Magic:  5/7        EV: 18    Int: 16    God:
Gold:   0          SH:  0    Dex: 15    Spells: 8/8 levels left

rFire   . . .      SeeInvis +   j - +0 club (spect)
rCold   . . .      Faith    .   (no shield)
rNeg    . . .      Spirit   .   b - +0 robe
rPois   .          Reflect  .   (helmet restricted)
rElec   .          Harm     .   (no cloak)
rCorr   .          Rampage  .   (gloves unavailable)
Will    .....      NoTele   +   (boots unavailable)
Stlth   +++.......              (no amulet)
HPRegen 0.04/turn               (no ring)
MPRegen 0.10/turn               (no ring)

@: hasted, invisible, very quick
A: very small, no large weapons, unfitting armour, see invisible, speed 3
a: no special abilities


You were in the Dungeon.
You visited 1 branch

Inventory:

Hand Weapons
 a - a +1 dagger
 j - a +0 spectral club (weapon)
Armour
 b - a +0 robe (worn)
Wands
 f - a wand of flame (5) (quivered)
Scrolls
 i - a scroll of blinking
Potions
 c - a potion of invisibility
 d - a potion of curing
 e - a potion of heal wounds
 g - 2 potions of magic
 h - a potion of berserk rage


   Skills:
 + Level 1.5 Short Blades
 + Level 3.5 Dodging
 + Level 7.0 Stealth
 + Level 3.6 Spellcasting
 + Level 5.4 Hexes


You had 8 spell levels left.
You didn't know any spells.
Your spell library contained the following spells:

 Spells                   Type           Power      Damage    Failure   Level
 Confusing Touch          Hex            20%        N/A       5%          3
 Tukima's Dance           Hex            20%        N/A       5%          3
 Ensorcelled Hibernation  Hex/Ice        22%        N/A       9%          2
 Dazzling Flash           Conj/Hex       22%        N/A       17%         3


Dungeon Overview and Level Annotations

Branches:
Dungeon (1/1)

Altars:


Innate Abilities, Weirdness & Mutations

You are very small and have problems with some larger weapons.
You are too small for most types of armour.
You have supernaturally acute eyesight. (SInv)
You cover ground extremely quickly. (Speed+++)


Message History

You puncture Ijyb!
You kill Ijyb!
Your Dodging skill increases to level 3!
Your Stealth skill gained 3 levels and is now at level 7!
Your Spellcasting skill increases to level 3!
Your Hexes skill gained 2 levels and is now at level 5!
You have reached level 2!
f - a wand of flame (5)
Things that are here:
a +0 spectral club; a +0 scale mail; the goblin corpse of Ijyb
j - a +0 spectral club You feel a bond with your +0 spectral club.
j - a +0 spectral club (weapon)
You don't know any spells.
Your actions are hasted.
You are invisible.
Your movement speed is very quick.
Your attack delay is about 0.9.
Unknown command.
You open the door.
An ogre comes into view. It is wielding a +0 giant club.
You are too injured to fight recklessly!
You are too injured to fight recklessly!
You are too injured to fight recklessly!
There is an open door here.
You are too injured to fight recklessly!
You are too injured to fight recklessly!
You are too injured to fight recklessly!
You are too injured to fight recklessly!
You are too injured to fight recklessly!
The helpless ogre fails to defend itself.
You hit the ogre.
The ogre is lightly wounded.
Your +0 spectral club hits the ogre.
You hit the ogre but do no damage.
The ogre is moderately wounded.
Your +0 spectral club hits the ogre.
The ogre closely misses you.
You hit the ogre but do no damage.
The ogre is heavily wounded.
Your +0 spectral club hits the ogre.
The ogre hits you with a +0 giant club!
Ouch! That really hurt!
You die...

##########
#<.#.['@(#
#..'..#.O+
#..#####+#
#..# #..#
#..# #⌠⌠#
####


You could see an ogre (unable to see you) and a friendly +0 spectral club
(summoned).

Vanquished Creatures
  Ijyb (D)
1 creature vanquished.

Notes
Turn   | Place    | Note
-------+----------+-------------------------------------------
     0 | D        | purpskrrrp the Spriggan Enchanter began the quest for the
                  | Orb.
     0 | D        | Reached XP level 1. HP: 9/9 MP: 5/5
     4 | D        | Noticed Ijyb
    15 | D        | Killed Ijyb
    16 | D        | Reached skill level 7 in Stealth
    16 | D        | Reached skill level 5 in Hexes
    16 | D        | Reached XP level 2. HP: 6/13 MP: 5/7
    21 | D        | Noticed an ogre
    26 | D        | Mangled by an ogre

Illustrated notes

Levels and vault maps discovered:
D:        dungeon_sprint_1 [red_sonja_temple_1, red_sonja_temple_small_1]

Skill      XL: |  1 |
---------------+----+-----
Dodging        | 3 |  3.5
Stealth        | 7 |  7.0
Spellcasting   | 3 |  3.6
Hexes          | 5 |  5.4
Short Blades   | |  1.5

Action                   || total
-------------------------++-------
Melee: Dagger            ||     9
       Club              ||     3
  Use: Potion            ||     2
 Stab: Invisible         ||     2
       Sleeping          ||     2
Armor: Robe              ||     1
Dodge: Dodged            ||     3

Table legend: (Time is in decaauts)
 A = Elapsed time spent in this place.
 B = Non-inter-level travel time spent in this place.
 C = Inter-level travel time spent in this place.
 D = Time resting spent in this place.
 E = Time spent auto-exploring this place.
 F = Levels seen in this place.
 G = Mean time per level.
                   A        B        C        D        E       F      G
               +--------+--------+--------+--------+--------+-----+--------+
         Total |     15 |     15 |      0 |      0 |      0 |   1 |   15.0 |
       Dungeon |     15 |     15 |      0 |      0 |      0 |   1 |   15.0 |
               +--------+--------+--------+--------+--------+-----+--------+

Top non-repeatable levels by time:
       D: 15 daAuts
